 Dungeon Crawl Stone Soup version 0.31-a0-744-gbc345e7fcb (webtiles) character file.

Game seed: 14356987401501595783

2186 Dirtsage the Ruffian (level 9, -1/71 HPs)
             Began as a Demonspawn Berserker on Sept 13, 2023.
             Was a Priest of Trog.
             Succumbed to a killer bee's poison
             ... on level 7 of the Dungeon.
             The game lasted 00:21:55 (5561 turns).

Dirtsage the Ruffian (Demonspawn Berserker)         Turns: 5561, Time: 00:21:55

Health: -1/71      AC:  9    Str: 21    XL:     9   Next: 11%
Magic:  2/9        EV:  8    Int:  6    God:    Trog [***...]
Gold:   514        SH:  5    Dex: 14    Spells: 8/8 levels left

rFire   + .          .
                       - Unarmed
rCold   + . .        k - +0 buckler
rNeg    + + +        q - +0 chain mail
rPois   +            A - +0 helmet
rElec   +            (no cloak)
rCorr   +            (gloves unavailable)
SInv    .            (no boots)
Will    +....        u - amulet "Wugrak" {Spirit +Blink rPois rN+++ Int-2} Stlth
                     h - ring of willpower
HPRegen 0.31/turn    (no ring)
MPRegen 0.11/turn

%: guardian spirit
@: lethally poisoned (-1 -> -9), resistant, on berserk cooldown, slowed, very
slow
A: claws 3, powered by death 1, powered by pain 1
a: Renounce Religion, Evoke Blink, Berserk, Trog's Hand


You were on level 7 of the Dungeon.
You worshipped Trog.
Trog was most pleased with you.
You visited 2 branches of the dungeon, and saw 8 of its levels.

You collected 514 gold pieces.

Inventory:

Hand Weapons
 a - a +0 hand axe
 v - the +4 whip of Makhleb's Favour {flame, rElec MP+9}
   (You found it on level 4 of the Dungeon)

   rElec:     It insulates you from electricity.
   MP+9:      It affects your magic capacity (+9).
Missiles
 o - 3 silver javelins
 C - a curare-tipped dart
Armour
 k - a +0 buckler (worn)
 q - a +0 chain mail (worn)
 A - a +0 helmet (worn)
Jewellery
 h - a ring of willpower (left claw)
 l - an amulet of the acrobat
 m - an amulet of magic regeneration
 u - the amulet "Wugrak" (around neck) {Spirit +Blink rPois rN+++ Int-2}
   (You found it on level 4 of the Dungeon)

   [amulet of guardian spirit]

   Spirit:    It causes incoming damage to be divided between your reserves of
   health and magic.
   Int-2:     It affects your intelligence (-2).
   rPois:     It protects you from poison rN+++: It renders you almost immune to
   negative energy.
   +Blink:    It lets you blink.
 z - an amulet of guardian spirit
Talismans
 i - a beast talisman
Scrolls
 g - a scroll of fear
 j - a scroll of blinking {unknown}
 s - 3 scrolls of identify {unknown}
 t - 6 scrolls of teleportation
 w - a scroll of vulnerability {unknown}
 y - a scroll of amnesia {unknown}
Potions
 b - a potion of mutation {unknown}
 c - 3 potions of might {unknown}
 d - 2 potions of brilliance {unknown}
 e - a potion of ambrosia {unknown}
 f - a potion of attraction {unknown}
 n - 2 potions of resistance
 p - a potion of cancellation {unknown}
 r - 2 potions of curing {unknown}
 x - a potion of invisibility {unknown}
 B - a potion of heal wounds {unknown}


   Skills:
 + Level 6.6 Fighting
 - Level 3.2 Axes
 - Level 1.7 Armour
 - Level 1.7 Dodging
 - Level 4.0 Shields
 * Level 7.9 Unarmed Combat
 - Level 2.1 Shapeshifting


You had 8 spell levels left.
You didn't know any spells.
Your spell library contained the following spells:

 Spells                   Type           Power      Damage    Failure   Level
 Slow                     Hex            0%         N/A       99%         1
 Lesser Beckoning         Tloc           0%         N/A       100%        2
 Passwall                 Tmut/Erth      0%         N/A       100%        2
 Confusing Touch          Hex            0%         N/A       100%        3
 Frozen Ramparts          Ice            0%         1d1       100%        3
 Gell's Gravitas          Tloc           0%         N/A       100%        3
 Ozocubu's Armour         Ice            0%         N/A       100%        3
 Sigil of Binding         Hex            0%         N/A       100%        3
 Teleport Other           Tloc           0%         N/A       100%        3
 Vampiric Draining        Necr           0%         2d6       100%        3
 Animate Dead             Necr           0%         N/A       100%        4
 Leda's Liquefaction      Hex/Erth       0%         N/A       100%        4
 Manifold Assault         Tloc           0%         N/A       100%        4
 Borgnjor's Vile Clutch   Necr/Erth      0%         N/A       100%        5
 Metabolic Englaciation   Hex/Ice        0%         N/A       100%        5
 Death Channel            Necr           0%         N/A       100%        6
 Dispersal                Tloc           0%         N/A       100%        6
 Simulacrum               Ice/Necr       0%         N/A       100%        6
 Disjunction              Tloc           0%         N/A       100%        8
 Shatter                  Erth           0%         3d5*      100%        9


Dungeon Overview and Level Annotations

Branches:
Dungeon (7/15)             Temple (1/1) D:4

Altars:
Ashenzari
Cheibriados
Dithmenos
Fedhas
Gozag
Hepliaklqana
Nemelex Xobeh
Okawaru
Qazlal
Sif Muna
Trog
Uskayaw
Wu Jian
Xom

Shops:
D:1 [


Innate Abilities, Weirdness & Mutations

You have claws for hands.
You regenerate a little health from kills.
You sometimes gain a little power by taking damage.


Message History

* * * LOW HITPOINT WARNING * * *
You are lethally poisoned!
The killer bee poisons you! The killer bee barely misses you. x2
You take 7 damage, and have 10/106 hp.
You now have 2/9 mp.
You claw the killer bee!
The killer bee is heavily wounded.
* * * LOW HITPOINT WARNING * * *
You feel sick. The killer bee closely misses you.
The killer bee stings you but does no damage.
The killer bee stings you.
* * * LOW HITPOINT WARNING * * *
You take 3 damage, and have 7/106 hp.
You closely miss the killer bee.
The killer bee is heavily wounded.
* * * LOW HITPOINT WARNING * * *
You feel sick. You block the killer bee's attack.
The killer bee stings you but does no damage.
You take 2 damage, and have 5/106 hp.
You are too berserk!
Unknown command.
You closely miss the killer bee.
The killer bee is heavily wounded.
* * * LOW HITPOINT WARNING * * *
You feel sick. The killer bee closely misses you.
You block the killer bee's attack.
You take 2 damage, and have 3/106 hp.
You miss the killer bee.
The killer bee is heavily wounded.
You are no longer berserk.
You are exhausted.
You feel yourself slow down.
* * * LOW HITPOINT WARNING * * *
You feel sick.
The killer bee stings you but does no damage.
The killer bee barely misses you. x2
You now have 1/71 hp.
It was a potion of resistance.
You feel protected.
n - 2 potions of resistance;
m - an amulet of magic regeneration You die...

#.....# #.....#
#.....#
########.....#
##......#.....#+####
#.......#..........#
#.......#..........#
#.......#.yy.......#
#.......##@###.....+
#.........)..#.....#
#............#.....#
##......##...#.....#
#......##...#.....#
#.......+...#.....#
#......##...#.....#
#......##...#
#.......+...#


You could see 2 killer bees.

Vanquished Creatures
  Prince Ribbit (D:6)
  Grinder (D:6)
  A wyvern (D:4)
  Menkaure (D:6)
  A water moccasin (D:5)
  An ice beast (D:5)
  A sky beast (D:6)
  A kobold brigand (D:7)
  A gnoll sergeant (D:5)
  A scorpion (D:5)
  4 killer bees (D:7)
  2 howler monkeys (D:5)
  2 orc priests
  4 jellies
  8 hounds
  3 iguanas
  An orc wizard (D:3)
  5 adders
  7 gnolls
  A shadow imp (D:5)
  2 white imps (D:6)
  3 ufetubi
  3 worms
  4 dart slugs
  27 orcs
  6 bats
  4 endoplasms
  4 giant cockroaches
  8 goblins
  11 hobgoblins
  5 jackals
  8 kobolds
  7 quokkas
  6 ball pythons
  3 frilled lizards (D:2)
  2 rats
150 creatures vanquished.

Notes
Turn   | Place    | Note
-------+----------+-------------------------------------------
     0 | D:1      | Dirtsage the Demonspawn Berserker began the quest for the
                  | Orb.
     0 | D:1      | Reached XP level 1. HP: 18/18 MP: 1/1
   139 | D:1      | Gained mutation: You have sharp fingernails. [demonic
                  | ancestry]
   139 | D:1      | Reached XP level 2. HP: 23/24 MP: 2/2
   306 | D:1      | Reached skill level 1 in Unarmed Combat
   463 | D:1      | Found Funupeon's Antique Armour Shoppe.
   470 | D:1      | Gained mutation: You sometimes gain a little power by
                  | taking damage. [demonic ancestry]
   470 | D:1      | Reached XP level 3. HP: 22/29 MP: 3/3
   698 | D:2      | Reached skill level 2 in Unarmed Combat
   847 | D:2      | Reached ** piety under Trog
  1321 | D:3      | Gained mutation: You regenerate a little health from kills.
                  | [demonic ancestry]
  1321 | D:3      | Reached XP level 4. HP: 16/35 MP: 4/4
  1645 | D:3      | Reached skill level 1 in Shields
  1797 | D:3      | Reached XP level 5. HP: 26/41 MP: 5/5
  1804 | D:3      | Reached skill level 3 in Unarmed Combat
  1804 | D:3      | Reached skill level 1 in Shapeshifting
  2322 | D:3      | Found a snail-covered altar of Cheibriados.
  2558 | D:4      | Gained mutation: You have very sharp fingernails. [demonic
                  | ancestry]
  2558 | D:4      | Reached XP level 6. HP: 27/48 MP: 6/6
  2701 | D:4      | Found a staircase to the Ecumenical Temple.
  2754 | Temple   | Entered the Ecumenical Temple
  2773 | D:4      | Identified the amulet "Wugrak" {Spirit +Blink rPois rN+++
                  | Int-2}
  2964 | D:4      | Identified the +4 whip of Makhleb's Favour {flame, rElec
                  | MP+9}
  3229 | D:4      | Noticed a wyvern
  3235 | D:4      | Killed a wyvern
  3236 | D:4      | Reached skill level 4 in Unarmed Combat
  3345 | D:5      | Entered Level 5 of the Dungeon
  3357 | D:5      | Gained mutation: You have claws for hands. [demonic
                  | ancestry]
  3357 | D:5      | Reached XP level 7. HP: 53/54 MP: 7/7
  3505 | D:5      | Got the Anthology of the Icy Quarry
  3632 | D:5      | Reached *** piety under Trog
  3633 | D:5      | Reached skill level 5 in Unarmed Combat
  4111 | D:5      | Found a hazy altar of Hepliaklqana.
  4112 | D:5      | Found an iron altar of Okawaru.
  4200 | D:6      | Noticed Menkaure
  4262 | D:6      | Noticed Prince Ribbit
  4357 | D:5      | Reached skill level 5 in Fighting
  4357 | D:5      | Reached XP level 8. HP: 57/62 MP: 8/8
  4371 | D:6      | Noticed Grinder
  4500 | D:6      | Killed Prince Ribbit
  4501 | D:6      | Reached skill level 6 in Unarmed Combat
  4877 | D:6      | Killed Grinder
  5007 | D:5      | Reached skill level 7 in Unarmed Combat
  5073 | D:6      | Killed Menkaure
  5419 | D:6      | Found a hide-covered altar of Uskayaw.
  5504 | D:7      | Reached XP level 9. HP: 71/71 MP: 9/9
  5558 | D:7      | HP: 5/106 [poisoned by a killer bee]
  5560 | D:7      | HP: 1/71 [poisoned by a killer bee]
  5561 | D:7      | Succumbed to a killer bee's poison

Illustrated notes

Levels and vault maps discovered:
D:1:      dpeg_arrival_boxes_within_box, layout_rooms, serial_shops,
          nicolae_shop_advertising_works [nicolae_subvault_shop_adworks]
D:2:      layout_loops_cross
D:3:      minmay_bubble_buster, layout_loops_ring, mainiacjoe_overflow_brackets,
          minmay_misc_feat_four_crosses
D:4:      layout_layer_cave, minmay_temple_entry_overgrown
D:5:      layout_loops_ring, mainiacjoe_overflow_divided_tiny, feat_on_display
D:6:      layout_cave_pools, nicolae_uskayaw_murder_on_the_dancefloor,
          st_stairs_10, uniq_prince_ribbit1, uniq_menkaure, uniq_grinder
D:7:      layout_gridville, serial_shops, nicolae_shop_stone
Temple:   nicolae_temple_no_exploring_needed

Skill      XL: |  1  2  3  4  5  6  7  8 |
---------------+-------------------------+-----
Axes           | 3 |  3.2
Unarmed Combat | 1 2 3 4 5 7 |  7.9
Shields        | 1 2 3 4 |  4.0
Shapeshifting  | 1 2 |  2.1
Fighting       | 4 5 6 |  6.6
Armour         | |  1.7
Dodging        | |  1.7

Action                     |  1- 3 |  4- 6 |  7- 9 || total
---------------------------+-------+-------+-------++-------
  Melee: Hand axe          |    13 |       |       ||    13
         Unarmed           |    98 |   198 |   232 ||   528
         Punch             |       |       |     1 ||     1
  Throw: Javelin           |       |     2 |       ||     2
 Invoke: Berserk           |     1 |     4 |     3 ||     8
    Use: Scroll            |       |       |     3 ||     3
         Potion            |       |       |     1 ||     1
 Armour: Scale mail        |    71 |    71 |       ||   142
         Chain mail        |       |    47 |   176 ||   223
  Dodge: Dodged            |    41 |    59 |    71 ||   171
  Block: Buckler           |    12 |    24 |    42 ||    78
   Form: Beast             |     1 |       |       ||     1
                           |       |     1 |       ||     1

Table legend: (Time is in decaauts)
 A = Elapsed time spent in this place.
 B = Non-inter-level travel time spent in this place.
 C = Inter-level travel time spent in this place.
 D = Time resting spent in this place.
 E = Time spent auto-exploring this place.
 F = Levels seen in this place.
 G = Mean time per level.
                   A        B        C        D        E       F      G
               +--------+--------+--------+--------+--------+-----+--------+
         Total |   5602 |   5165 |    437 |    498 |   3433 |   8 |  700.2 |
       Dungeon |   5601 |   5164 |    437 |    498 |   3433 |   7 |  800.1 |
        Temple |      1 |      1 |      0 |      0 |      0 |   1 |    1.0 |
               +--------+--------+--------+--------+--------+-----+--------+

Top non-repeatable levels by time:
     D:5: 1362 daAuts
     D:3: 1102 daAuts
     D:4: 976 daAuts
     D:6: 774 daAuts
     D:1: 695 daAuts
     D:2: 612 daAuts
     D:7: 77 daAuts
  Temple: 1 daAuts
